AoeStats
← arsenikos1329

Fortress

510801333Analyzed
1v1 RM · 5h ago on Oct 2, 2026· 65m 12s· 2 players
Game mode
Random Map
Map size
Small (3 player)
Population
200
Speed
Normal
Resources
Standard
Victory
Conquest
Starting age
Dark Age
Ending age
Imperial Age
RankedLock teamsTeams togetherTeam positionsShared explorationLock speedFull tech treeHidden civsTurbo modeCheats
Victory
Defeat
🇺🇸 Mongols · United States
866
+15
🇧🇷 Danes · Brazil
847
-15
Bacon
7:20 Feudal Age
10:44 Castle Age
8:49 Double-Bit Axe
9:26 Horse Collar
11:54 Bow Saw
13:37 Heavy Plow
16:46 Scale Mail Armor
17:04 Fervor
17:02 Squires
16:48 Arson
17:18 Loom
19:52 Wheelbarrow
19:43 Gambesons
20:03 Padded Archer Armor
20:19 Chain Mail Armor
20:57 Gold Mining
22:24 Elite Skirmisher
23:48 Leather Archer Armor
23:23 Fletching
23:44 Forging
25:13 Ballistics
26:22 Hand Cart
25:42 Hamask
29:19 Bodkin Arrow
30:00 Iron Casting
34:29 Imperial Age
32:56 Stone Mining
36:20 Blast Furnace
35:31 Elite Jomsviking
36:36 Conscription
36:50 Ring Archer Armor
37:09 Gold Shaft Mining
37:29 Capped Ram
39:31 Plate Mail Armor
39:03 Bracer
40:12 Chemistry
40:48 Thumb Ring
43:26 Onager
45:34 Siege Onager
51:03 Light Cavalry
51:53 Bloodlines
52:08 Scale Barding Armor
52:07 Northmen's Fury
60:00 Chain Barding Armor
arsenikos1329
7:32 Loom
9:19 Feudal Age
10:56 Loom
11:16 Double-Bit Axe
11:15 Horse Collar
13:18 Fletching
15:47 Castle Age
14:09 Gold Mining
14:30 Padded Archer Armor
18:34 Bodkin Arrow
18:49 Husbandry
19:08 Thumb Ring
19:41 Bloodlines
19:58 Town Watch
21:19 Wheelbarrow
22:22 Leather Archer Armor
23:21 Ballistics
28:36 Imperial Age
27:06 Hand Cart
27:30 Scale Barding Armor
28:04 Bow Saw
28:08 Heavy Plow
30:25 Gold Shaft Mining
30:22 Cavalier
32:07 Conscription
31:58 Bracer
35:08 Conscription
35:37 Drill
35:27 Heavy Scorpion
39:58 Chemistry
39:30 Siege Engineers
44:45 Light Cavalry
45:39 Forging
45:59 Chain Barding Armor
50:36 Onager
52:22 Hoardings
57:10 Hussar
Connection lost

Rejoining the realm…

Still unreachable

The connection could not be restored.

Session expired

The server has moved on; the page needs a fresh start.